 Dungeon Crawl Stone Soup version 0.24.1-11-gbbbb2193e6 (webtiles) character file.

Game seed: 15641330823469820978, levelgen mode: deterministic

71423 RaHiT the Thaumaturge (level 14, -4/119 HPs)
             Began as a Red Draconian Ice Elementalist on May 13, 2020.
             Was a High Priest of Sif Muna.
             Slain by a juggernaut skeleton (45 damage)
             ... on level 15 of the Dungeon on May 14, 2020.
             The game lasted 04:39:17 (28928 turns).

RaHiT the Thaumaturge (DrIE)                       Turns: 28928, Time: 04:39:17

Health: -4/119     AC: 15    Str: 16    XL:     14   Next: 97%
Magic:  7/28       EV: 18    Int: 19    God:    Sif Muna [*****.]
Gold:   1188       SH:  5    Dex: 17    Spells: 6/33 levels left

rFire    + . .     SeeInvis .   a - +8 trident (protect)
rCold    . . .     Gourm    .   i - +0 buckler
rNeg     . . .     Faith    .   (armour unavailable)
rPois    .         Spirit   .   (helmet restricted)
rElec    +         Reflect  .   c - +0 cloak
rCorr    .         Harm     .   s - +2 pair of gloves {archery}
MR       ++...     Rnd*Rage +   W - +2 pair of boots
Stlth    ++........             (no amulet)
HPRegen  0.29/turn              C - ring "Yhokoom" {MR+ Dex+3}
MPRegen  0.21/turn              P - +6 ring of strength

@: studying Conjurations
A: breathe fire, unfitting armour, berserk 1, fire resistance 1, electricity
resistance, cold-blooded, AC +8
a: Breathe Fire, Channel Magic, Forget Spell, Divine Exegesis, Renounce Religion


You were on level 15 of the Dungeon.
You worshipped Sif Muna.
Sif Muna was extremely pleased with you.
You were not hungry.

You visited 3 branches of the dungeon, and saw 22 of its levels.
You also visited: Ossuary.

You collected 2753 gold pieces.
You spent 1565 gold pieces at shops.

Inventory:

Hand Weapons
 a - a +8 trident of protection (weapon)
Missiles
 f - 62 poisoned darts
 H - 13 boomerangs (quivered)
Armour
 c - a +0 cloak (worn)
 i - a +0 buckler (worn)
 s - a +2 pair of gloves of archery (worn)
 W - a +2 pair of boots (worn)
Magical Staves
 b - an uncursed staff of cold
 S - an uncursed staff of wizardry
Jewellery
 C - the ring "Yhokoom" (left hand) {MR+ Dex+3}
   (You found it on level 9 of the Dungeon)

   [ring of protection from magic]

   It affects your dexterity (+3).
   It affects your resistance to hostile enchantments.
 J - an uncursed ring of protection from magic
 P - a +6 ring of strength (right hand)
Wands
 d - a wand of iceblast (16)
 A - a wand of flame (37)
 D - a wand of clouds (7)
 G - a wand of acid (14)
 I - a wand of paralysis (41)
 K - a wand of digging (6)
 R - a wand of scattershot (5)
Scrolls
 e - 7 scrolls of amnesia
 j - 2 scrolls of vulnerability
 l - 12 scrolls of teleportation
 m - 9 scrolls of identify
 n - 4 scrolls of fog
 o - 11 scrolls of remove curse
 q - a scroll of summoning
 u - 4 scrolls of blinking
 v - 4 scrolls of immolation
 y - 5 scrolls of magic mapping
 F - 3 scrolls of fear
 O - a scroll of enchant armour
 Y - a scroll of silence
Potions
 h - 11 potions of flight
 k - a potion of resistance
 p - 7 potions of curing
 t - 2 potions of haste
 w - 3 potions of heal wounds
 x - 2 potions of ambrosia
 z - a potion of magic
 E - 4 potions of agility
 N - 2 potions of invisibility
 Q - 4 potions of might
 U - 2 potions of lignification
 Z - 2 potions of brilliance
Books
 L - a manual of Conjurations
Miscellaneous
 M - a phial of floods
 X - a lightning rod (2/4)
Comestibles
 r - 31 rations


   Skills:
 + Level 9.7 Fighting
 - Level 8.0 Dodging
 - Level 2.0 Stealth
 - Level 4.0 Shields
 - Level 10.0 Spellcasting
 - Level 10.0 Conjurations
 - Level 5.0 Charms
 - Level 6.0 Summonings
 - Level 5.0 Fire Magic
 - Level 10.0 Ice Magic
 * Level 7.7 Invocations
 - Level 10.0 Evocations


You had 6 spell levels left.
You knew the following spells:

 Your Spells              Type           Power        Failure   Level  Hunger
a - Freeze                Ice            ####         1%          1    None
b - Ozocubu's Armour      Chrm/Ice       #####...     1%          3    None
c - Summon Ice Beast      Ice/Summ       #####...     2%          4    ##.....
d - Throw Icicle          Conj/Ice       #####...     1%          4    ##.....
e - Conjure Flame         Conj/Fire      #####...     1%          3    None
f - Sticky Flame          Conj/Fire      #####...     3%          4    ##.....
g - Bolt of Cold          Conj/Ice       #####.....   19%         6    ######.
h - Ensorcelled Hibernat  Hex/Ice        ####..       1%          2    None

Your spell library contained the following spells:

 Spells                   Type           Power        Failure   Level  Hunger
 Flame Tongue             Conj/Fire      #####        1%          1    None
 Infusion                 Chrm           ####         1%          1    None
 Magic Dart               Conj           ####         1%          1    None
 Shock                    Conj/Air       ####         1%          1    None
 Sting                    Conj/Pois      ####         1%          1    None
 Searing Ray              Conj           #####.       1%          2    None
 Song of Slaying          Chrm           ####....     1%          2    None
 Throw Flame              Conj/Fire      #####.       1%          2    None
 Throw Frost              Conj/Ice       #####.       1%          2    None
 Call Canine Familiar     Summ           ####....     1%          3    None
 Iskenderun's Mystic Bla  Conj           #####...     1%          4    ##.....
 Dazzling Spray           Conj/Hex       ####..       2%          3    None
 Shroud of Golubria       Chrm/Tloc      ###...       4%          2    None
 Mephitic Cloud           Conj/Pois/Air  ###.....     5%          3    None
 Corona                   Hex            #......      8%          1    None
 Inner Flame              Hex/Fire       ###.....     8%          3    None
 Regeneration             Chrm/Necr      ###.......   8%          3    None
 Spectral Weapon          Hex/Chrm       ###.....     8%          3    None
 Force Lance              Conj/Tloc      ####....     10%         4    ##.....
 Fulminant Prism          Conj/Hex       ####......   10%         4    ##.....
 Fireball                 Conj/Fire      #####.....   10%         5    #####..
 Poisonous Vapours        Pois/Air       #.....       11%         2    None
 Slow                     Hex            #.......     11%         2    None
 Summon Demon             Summ           ####......   17%         5    #####..
 Confuse                  Hex            #.......     22%         3    None
 Portal Projectile        Hex/Tloc       #.....       22%         3    None
 Tukima's Dance           Hex            #.......     22%         3    None
 Bolt of Magma            Conj/Fire/Erth ####......   26%         5    #####..
 Lightning Bolt           Conj/Air       ####......   26%         5    #####..
 Venom Bolt               Conj/Pois      ####......   26%         5    #####..
 Summon Forest            Summ/Tloc      ###.......   52%         5    #####..
 Cause Fear               Hex            #.........   58%         4    ##.....
 Leda's Liquefaction      Hex/Erth       #.........   58%         4    ##.....
 Olgreb's Toxic Radiance  Pois           #.......     58%         4    ##.....
 Petrify                  Tmut/Erth      #.......     58%         4    ##.....
 Yara's Violent Unravell  Hex/Tmut       #.........   90%         5    #####..
 Dispersal                Tloc           #.........   100%        6    ######.
 Spellforged Servitor     Conj/Summ      #####.....   93%         7    #######
 Summon Greater Demon     Summ           ####......   99%         7    #######
 Haunt                    Necr/Summ      ###.......   100%        7    #######
 Ring of Flames           Chrm/Fire      ####......   100%        7    #######
 Necromutation            Tmut/Necr      #.........   100%        8    #######
 Fire Storm               Conj/Fire      #####.....   100%        9    #######


Dungeon Overview and Level Annotations

Branches:
Dungeon (15/15)            Temple (1/1) D:4            Lair (6/6) D:10
  Swamp (0/4) Lair:3        Snake (0/4) Lair:2        Slime (0/5) Lair:6
    Orc (0/2) D:9          Vaults (0/5) D:14        Ossuary (visited)
 Depths: D:15

Altars:
Ashenzari
Cheibriados
Dithmenos
Elyvilon
Fedhas
Gozag
Hepliaklqana
Kikubaaqudgha
Makhleb
Nemelex Xobeh
Okawaru
Qazlal
Ru
Sif Muna
Trog
Uskayaw
Vehumet
Wu Jian
Xom
Yredelemnul
Zin
The Shining One
Jiyva

Shops:
D:5 *   D:6 ?   D:12 *   D:13 (   D:14 ?


Innate Abilities, Weirdness & Mutations

You can breathe blasts of fire.
Your fiery red scales are hard. (AC +8)
You cannot fit into any form of body armour.
Your flesh is heat resistant. (rF+)
You are cold-blooded and may be slowed by cold attacks.
You tend to lose your temper in combat.
You are resistant to electric shocks. (rElec)


Message History

Aiming: Conjure Flame (safe; 1% risk of failure)
Press: ? - help, Dir - move target cursor The fire ignites!
Casting: Conjure Flame (safe; 1% risk of failure)
Confirm with . or Enter, or press ? or * to list all spells.
Okay, then.
The juggernaut skeleton is engulfed in blazing flames.
There is an open door here.
Casting: Conjure Flame (safe; 1% risk of failure)
Confirm with . or Enter, or press ? or * to list all spells.
Aiming: Conjure Flame (safe; 1% risk of failure)
Press: ? - help, Dir - move target cursor The fire ignites!
The juggernaut skeleton is engulfed in blazing flames.
Casting: Conjure Flame (safe; 1% risk of failure)
Confirm with . or Enter, or press ? or * to list all spells.
A chill wind blows around you.
The juggernaut skeleton is engulfed in blazing flames.
The juggernaut skeleton hits you!!!
You die...

....P #.# #####%.#####
#.######## ...........<
#........# ##†#########
########.. #.# ################.
#)# #..............#. #.#
#.≈≈≈≈≈≈≈≈≈≈≈≈.#.
#.##############.≈≈≈≈≈≈≈≈≈≈≈≈.#.
#)..).......§§Z@.≈≈≈≈≈≈≈≈≈≈≈≈.'.
################Y≈≈≈≈≈≈≈≈≈≈≈≈.##
#..............#
################


You could see a juggernaut skeleton and a friendly ice beast.

Vanquished Creatures
  Rupert (D:13)
  Erolcha (D:9)
  3 hydras
  4 catoblepae
  3 two-headed ogres
  7 centaur warriors
  A death knight (D:13)
  4 death yaks (Lair:6)
  2 tengu warriors
  An iron troll (D:14)
  6 skeletal warriors
  2 unseen horrors (D:13)
  Pikel (D:6)
  A deep elf mage (D:14)
  A phantasmal warrior (D:14)
  A wolf spider (D:13)
  3 oklob plants (Lair:2)
  6 cyclopes
  4 ugly things
  4 manticores
  4 black mambas
  A spriggan zombie (D:15)
  A torpor snail (Lair:4)
  2 gargoyles
  A torpor snail (shapeshifter) (D:13)
  2 kobold demonologists
  An efreet (D:13)
  7 spiny frogs
  2 komodo dragons (Lair:4)
  A guardian mummy (D:15)
  4 trolls
  A merfolk (shapeshifter) (D:15)
  9 blink frogs
  A hornet (D:10)
  7 hippogriffs
  A wind drake (shapeshifter) (D:14)
  4 slime creatures (D:14)
  A centaur simulacrum (D:14)
  Sigmund (D:6)
  2 wyverns
  3 shadows
  2 vampires
  2 water elementals (D:15)
  30 yaks
  The ghost of VeryBadPlayer the Skirmisher, an amateur MiFi (D:4)
  A basilisk (Lair:3)
  3 hungry ghosts
  2 vampire mosquitoes
  Menkaure (Ossuary)
  2 water moccasins
  An acid dragon (D:13)
  6 porcupines
  3 black bears
  3 sky beasts
  7 orc warriors
  A slave (D:7)
  8 ice beasts
  A wolf (Lair:5)
  9 ogres
  4 centaurs
  6 crocodiles
  10 big kobolds
  Blork the orc (D:5)
  7 bullfrogs
  7 gnoll sergeants
  6 scorpions
  9 killer bees (D:8)
  15 wights
  3 howler monkeys (D:8)
  3 electric eels
  2 bullfrog zombies
  4 centaur zombies
  7 crimson imps
  4 jellies
  6 orc priests
  4 bullfrog skeletons
  3 quasits
  7 hounds
  10 orc wizards
  4 centaur skeletons
  7 iguanas
  5 hell rats (Lair:6)
  11 worker ants
  2 big kobold zombies (Ossuary)
  2 ogre zombies (Ossuary)
  A hound skeleton (D:8)
  6 mummies (Ossuary)
  8 gnolls
  10 adders
  7 shadow imps
  2 oozes
  5 adder zombies (Ossuary)
  5 worms
  3 dart slugs
  8 leopard geckos
  29 orcs
  A ball python (D:1)
  4 giant cockroaches
  11 goblins
  11 hobgoblins
  12 jackals
  23 kobolds
  4 quokkas
  5 bats
  6 frilled lizards
  4 goblin zombies (Ossuary)
  3 hobgoblin zombies (Ossuary)
  A jackal skeleton (D:6)
  A jackal zombie (D:5)
  4 kobold zombies (Ossuary)
  4 quokka zombies (Ossuary)
  10 rats
  3 rat zombies (Ossuary)
  5 plants
540 creatures vanquished.

Vanquished Creatures (collateral kills)
  Harold (D:9)
  A rakshasa (D:13)
  5 hydras
  A two-headed ogre (D:11)
  2 catoblepae
  A death yak (Lair:6)
  A necromancer (D:15)
  An ugly thing (D:14)
  4 manticores
  A gargoyle (D:11)
  3 black mambas
  A centaur skeleton (D:14)
  8 spiny frogs
  2 komodo dragons
  2 rime drakes
  A troll (D:10)
  2 polar bears
  A blink frog (Lair:4)
  4 hippogriffs
  2 dream sheep (D:10)
  18 yaks
  A vampire (D:11)
  2 basilisks
  3 vampire mosquitoes (Lair:3)
  A naga (Lair:2)
  2 porcupines
  8 water moccasins
  A black bear (D:13)
  An ogre (D:6)
  A sky beast (D:12)
  An eye of draining (D:13)
  4 wolves (Lair:5)
  6 crocodiles
  2 big kobolds
  3 bullfrogs
  6 killer bees (D:8)
  A wight (D:10)
  A howler monkey (D:14)
  An orc wizard (D:10)
  2 hell rats (Lair:6)
  An iguana (D:8)
  Terence (D:2)
  An adder (D:10)
  An adder skeleton (D:8)
  5 kobolds
118 creatures vanquished.

Vanquished Creatures (others)
  A very ugly thing (D:14)
  An ugly thing (D:11)
  2 yaks (D:9)
  A sky beast (D:7)
  A slave (D:7)
  2 orcs (D:12)
  2 fungi (Lair:4)
  17 plants
  4 withered plants (D:15)
31 creatures vanquished.

Grand Total: 689 creatures vanquished

Notes
Turn   | Place    | Note
-------+----------+-------------------------------------------
     0 | D:1      | RaHiT the Draconian Ice Elementalist began the quest for
                  | the Orb.
     0 | D:1      | Reached XP level 1. HP: 14/14 MP: 3/3
   167 | D:1      | Reached XP level 2. HP: 18/20 MP: 3/5
   672 | D:1      | Reached XP level 3. HP: 23/27 MP: 7/7
   690 | D:1      | Reached skill level 1 in Fighting
   702 | D:1      | Learned a level 3 spell: Ozocubu's Armour
  1510 | D:2      | Reached XP level 4. HP: 36/37 MP: 4/8
  1604 | D:2      | Noticed an ogre
  2077 | D:3      | Reached XP level 5. HP: 32/45 MP: 4/9
  2412 | D:3      | Found a faded altar of an unknown god.
  2606 | D:4      | Found a transporter.
  2656 | D:4      | Noticed VeryBadPlayer's ghost (amateur MiFi)
  2786 | D:4      | Found a staircase to the Ecumenical Temple.
  2792 | Temple   | Entered the Ecumenical Temple
  2904 | D:4      | Reached XP level 6. HP: 44/51 MP: 7/12
  3146 | D:4      | Found a transporter.
  3208 | D:4      | Found a basalt altar of Yredelemnul.
  3242 | D:4      | Found a stormy altar of Qazlal.
  3426 | D:5      | Entered Level 5 of the Dungeon
  3524 | D:5      | Found a sand-covered staircase.
  3531 | Ossuary  | Entered an ossuary
  3914 | Ossuary  | Noticed Menkaure
  3938 | Ossuary  | Learned a level 4 spell: Summon Ice Beast
  4011 | Ossuary  | Killed Menkaure
  4011 | Ossuary  | Your scales start taking on a fiery red colour.
  4011 | Ossuary  | Reached XP level 7. HP: 14/60 MP: 13/13
  4011 | Ossuary  | Gained mutation: Your flesh is heat resistant. (rF+) [Red
                  | Draconian growth]
  4849 | D:5      | Reached skill level 5 in Ice Magic
  4992 | D:5      | Reached XP level 8. HP: 41/67 MP: 14/14
  5238 | D:5      | Reached skill level 5 in Spellcasting
  5472 | D:5      | Reached skill level 5 in Dodging
  5539 | D:5      | Found Geplysor's Assorted Antiques.
  5619 | D:5      | Noticed Blork the orc
  5694 | D:5      | Killed Blork the orc
  5846 | D:5      | Reached skill level 5 in Fighting
  5976 | D:6      | Noticed Sigmund
  6009 | D:6      | Reached skill level 1 in Charms
  6016 | D:6      | Found Zefine's Magic Scroll Shop.
  6030 | D:6      | Found a burning altar of Makhleb.
  6218 | D:6      | Killed Sigmund
  6509 | D:6      | Found a hide-covered altar of Uskayaw.
  6520 | D:6      | Found a shimmering blue altar of Sif Muna.
  6523 | D:6      | Became a worshipper of Sif Muna the Loreminder
  6689 | D:6      | Bought a scroll of identify for 20 gold pieces
  6761 | D:6      | Reached XP level 9. HP: 62/74 MP: 13/16
  6895 | D:6      | Found an ancient bone altar of Kikubaaqudgha.
  6895 | D:6      | Found a hazy altar of Hepliaklqana.
  6895 | D:6      | Found a shadowy altar of Dithmenos.
  6901 | D:6      | Found a sparkling altar of Nemelex Xobeh.
  6905 | D:6      | Found a bloodstained altar of Trog.
  6978 | D:6      | Reached skill level 5 in Charms
  7133 | D:6      | Reached skill level 1 in Summonings
  7344 | D:2      | Noticed Terence
  7357 | D:2      | Killed Terence
  7629 | D:7      | Found a radiant altar of Vehumet.
  7826 | D:7      | Found a glowing silver altar of Zin.
  7890 | D:7      | Found a shadowy altar of Dithmenos.
  7941 | D:7      | Reached * piety under Sif Muna
  7964 | D:7      | Noticed Pikel
  8167 | D:6      | Killed Pikel
  8943 | D:8      | Reached XP level 10. HP: 81/81 MP: 20/20
  9676 | D:8      | Reached ** piety under Sif Muna
 10284 | D:9      | Got a flickering lapis lazuli ring
 10285 | D:9      | Identified the ring "Yhokoom" {MR+ Dex+3} (You found it on
                  | level 9 of the Dungeon)
 10592 | D:9      | Noticed Harold
 10673 | D:9      | Killed Harold
 10739 | D:9      | Found a staircase to the Orcish Mines.
 10742 | D:9      | Reached skill level 1 in Evocations
 10742 | D:9      | Reached *** piety under Sif Muna
 10956 | D:9      | Noticed Erolcha
 10964 | D:9      | Killed Erolcha
 10964 | D:9      | Reached XP level 11. HP: 37/88 MP: 12/23
 11404 | D:10     | Entered Level 10 of the Dungeon
 11416 | D:10     | Found a staircase to the Lair.
 11422 | D:10     | Gained mutation: You tend to lose your temper in combat.
                  | [mutagenic glow]
 11454 | D:10     | Gained mutation: You are resistant to electric shocks.
                  | (rElec) [mutagenic glow]
 11526 | D:10     | Found an ancient bone altar of Kikubaaqudgha.
 11596 | D:10     | Reached skill level 5 in Evocations
 11686 | D:10     | Noticed a three-headed hydra
 11699 | D:10     | Killed a three-headed hydra
 11799 | D:10     | Noticed a five-headed hydra
 11807 | D:10     | Killed a five-headed hydra
 12283 | D:10     | Noticed a centaur warrior
 12306 | D:10     | Killed a centaur warrior
 12349 | D:10     | Learned a level 4 spell: Throw Icicle
 12687 | Lair:1   | Entered Level 1 of the Lair of Beasts
 13802 | Lair:2   | Noticed a catoblepas
 13825 | Lair:2   | Killed a catoblepas
 14120 | Lair:2   | Found a sacrificial altar of Ru.
 14147 | Lair:2   | Found a staircase to the Snake Pit.
 14228 | Lair:2   | Reached **** piety under Sif Muna
 14583 | Lair:2   | Noticed an oklob plant
 14583 | Lair:2   | Noticed an oklob plant
 14588 | Lair:2   | Noticed an oklob plant
 14600 | Lair:2   | Killed an oklob plant
 14600 | Lair:2   | Killed an oklob plant
 14600 | Lair:2   | Killed an oklob plant
 14600 | Lair:2   | Reached XP level 12. HP: 77/101 MP: 16/24
 15449 | Lair:3   | Learned a level 3 spell: Conjure Flame
 15454 | Lair:3   | Learned a level 4 spell: Sticky Flame
 15601 | Lair:3   | Found a staircase to the Swamp.
 16032 | Lair:4   | Reached skill level 1 in Fire Magic
 16882 | Lair:4   | Noticed an eight-headed hydra
 16882 | Lair:4   | Noticed an eight-headed hydra
 16889 | Lair:4   | Killed an eight-headed hydra
 16895 | Lair:4   | Killed an eight-headed hydra
 17044 | Lair:4   | Noticed a six-headed hydra
 17050 | Lair:4   | Killed a six-headed hydra
 17263 | Lair:4   | Noticed a seven-headed hydra
 17278 | Lair:4   | Killed a seven-headed hydra
 17415 | Lair:4   | Reached skill level 5 in Fire Magic
 17862 | Lair:5   | Reached skill level 10 in Spellcasting
 17896 | Lair:5   | Noticed an eight-headed hydra
 18069 | Lair:5   | Killed an eight-headed hydra
 18515 | Lair:5   | Reached XP level 13. HP: 74/107 MP: 4/27
 18802 | Lair:6   | Entered Level 6 of the Lair of Beasts
 18816 | Lair:6   | Reached ***** piety under Sif Muna
 18933 | Lair:6   | Identified Hufycze's Grimoire of Heat and Displacement (Sif
                  | Muna gifted it to you on level 6 of the Lair of Beasts)
 18933 | Lair:6   | Received a gift from Sif Muna
 19457 | Lair:6   | Found a viscous altar of Jiyva.
 19457 | Lair:6   | Found a staircase to the Slime Pits.
 19674 | Lair:6   | Reached skill level 1 in Shields
 19911 | Lair:6   | Reached skill level 10 in Ice Magic
 20154 | Lair:6   | Reached skill level 5 in Conjurations
 20873 | D:4      | Killed VeryBadPlayer's ghost
 21094 | D:11     | Found a shattered altar of Ashenzari.
 21327 | D:11     | Identified Sif Muna's Incunabulum of Excruciating
                  | Malediction (Sif Muna gifted it to you on level 11 of the
                  | Dungeon)
 21327 | D:11     | Received a gift from Sif Muna
 21363 | D:11     | Learned a level 6 spell: Bolt of Cold
 21366 | D:11     | Learned a level 2 spell: Ensorcelled Hibernation
 22052 | D:12     | Found Koefam's Demolitions Depot.
 23110 | D:13     | Reached XP level 14. HP: 115/115 MP: 19/28
 24029 | D:13     | Noticed Rupert
 24041 | D:13     | Killed Rupert
 24388 | D:13     | Found Xiockoos's Antique Weapon Boutique.
 24538 | D:13     | Identified Sif Muna's Collected Works on Enchanting
                  | Changing (Sif Muna gifted it to you on level 13 of the
                  | Dungeon)
 24538 | D:13     | Received a gift from Sif Muna
 24770 | D:13     | Reached skill level 10 in Evocations
 24776 | D:13     | Reached skill level 10 in Conjurations
 25301 | D:13     | Reached skill level 1 in Invocations
 26074 | D:14     | Found Kaefot's Magic Scroll Emporium.
 26497 | D:14     | Found a radiant altar of Vehumet.
 26972 | D:12     | Bought a manual of Conjurations for 1545 gold pieces
 27078 | D:13     | Reached skill level 5 in Invocations
 27531 | D:14     | Found a gate to the Vaults.
 28163 | D:14     | Noticed a green very ugly thing
 28432 | D:15     | Entered Level 15 of the Dungeon
 28858 | D:15     | Identified Sif Muna's Compendium of Creative Earth (Sif
                  | Muna gifted it to you on level 15 of the Dungeon)
 28858 | D:15     | Received a gift from Sif Muna
 28928 | D:15     | Slain by a juggernaut skeleton

Levels and vault maps discovered:
D:1:      dpeg_arrival_subterranean_lakeside_camping, layout_basic,
          serial_curves, eino_curves_03, eino_curves_01, minmay_hexomino_u4
D:2:      layout_basic, uniq_terence
D:3:      layout_basic, first_ration, chequers_ecumenical_altar_twisty
D:4:      layout_loops_ring, yredelemnul_altar_generic, lemuel_round_altar,
          minmay_temple_entry_hall, gammafunk_ghost_stat_death
D:5:      layout_gridville, serial_shops, kennysheep_little_box, serial_glass,
          glass_columns_b, glass_columns_a, glass_columns_a, glass_columns_a,
          glass_columns_a, glass_columns_a, nicolae_ossuary_entry_monument,
          serial_bayou_lagoon_a, uniq_blork_the_orc
D:6:      layout_cave_pools, old_standard_altar,
          minmay_overflow_temple_star_hex, amethyst_overflow_temple_binary,
          serial_bayou, serial_bayou_crossing, serial_bayou_pond_a,
          serial_bayou_lake_a, serial_bayou_pond_e, serial_shops, shop,
          minivault_27, uniq_sigmund
D:7:      layout_loops_ring, kennysheep_mini_moat, vehumet_altar_wand_db,
          basic_altar, uniq_pikel
D:8:      layout_basic
D:9:      layout_loops_ring, kennysheep_orc_monster_closet_entryway,
          uniq_erolcha, uniq_harold
D:10:     layout_roguey, dpeg_oklobed_lair, basic_altar, hangedman_ranch
          [blue_anna_fruit_fields], corexii_leaking_fountain, grunt_potential
D:11:     layout_long_grid, basic_altar
D:12:     layout_big_octagon, nicolae_blasting_shop
D:13:     minmay_the_grid_square_5x5_4x4
          [minmay_the_grid_square_5x5_tetrominoes,
          minmay_the_grid_square_5x5_n_small, minmay_the_grid_square_5x5_meh,
          minmay_the_grid_square_5x5_almost_minimal,
          minmay_the_grid_square_5x5_tri_point,
          minmay_the_grid_square_5x5_prize_pseudospiral,
          minmay_the_grid_square_5x5_prize_rear_guard,
          minmay_the_grid_square_5x5_intrusive_squares,
          minmay_the_grid_square_5x5_six_small,
          minmay_the_grid_square_5x5_prize_gold,
          minmay_the_grid_square_5x5_prize_itemx,
          minmay_the_grid_square_5x5_three, minmay_the_grid_square_5x5_two,
          minmay_the_grid_square_5x5_corner,
          minmay_the_grid_square_5x5_trominoes,
          minmay_the_grid_square_5x5_bridge], layout_basic, serial_shops,
          nicolae_shop_statue_plus, uniq_rupert
D:14:     minmay_clustersquares, layout_rooms, david_vaults_4, serial_shops,
          nicolae_shop_crystal, roderic_lattice_a, basic_altar,
          chequers_serial_rivers_small_b, grunt_ministairs_6
D:15:     gammafunk_depths_entry_grave, layout_basic, nrook_pool_corridor
Temple:   eino_wide_crystal_templ
Lair:1:   layout_cave_pods, st_stairs_10, grunt_forest_small_clearing_treed,
          grunt_megastairs_4
Lair:2:   layout_regular_city, guppyfry_snake_entry_garden, basic_altar,
          grunt_megastairs_1, minmay_lair_oklob_chamber
Lair:3:   layout_gridlike, minmay_swamp_entry_swarm
Lair:4:   layout_cave_pods, minivault_11, minmay_shattered_shrine
Lair:5:   layout_long_grid
Lair:6:   evilmike_catoblepas_cave, layout_long_grid,
          dpeg_slime_entry_enclosed_altar, grunt_megastairs_2

Skill      XL: |  1  2  3  4  5  6  7  8  9 10 11 12 13 14 |
---------------+-------------------------------------------+-----
Stealth        | 2 |  2.0
Dodging        | 2 3 4 5 6 8 |  8.0
Spellcasting   | 3 4 5 7 8 10 | 10.0
Fighting       | 2 3 4 5 8 9 |  9.7
Ice Magic      | 3 5 8 9 10 | 10.0
Charms         | 4 5 |  5.0
Summonings     | 6 |  6.0
Evocations     | 4 8 9 10 | 10.0
Fire Magic     | 5 |  5.0
Conjurations   | 7 10 | 10.0
Shields        | 4 |  4.0
Invocations    | 7 |  7.7

Action                   |  1- 3 |  4- 6 |  7- 9 | 10-12 | 13-15 || total
-------------------------+-------+-------+-------+-------+-------++-------
Melee: Unarmed           |    19 |       |       |       |       ||    19
       Tailslap          |    11 |    13 |    66 |    39 |    96 ||   225
       Dagger            |    36 |     3 |       |       |       ||    39
       Spear             |    48 |   133 |   509 |   101 |       ||   791
       Trident           |       |       |       |   214 |   627 ||   841
       Hand axe          |       |       |       |    43 |       ||    43
       Staff             |       |       |       |    19 |    15 ||    34
 Fire: Hunting sling     |       |       |       |     2 |       ||     2
Throw: Stone             |    55 |    70 |    55 |     7 |       ||   187
       Dart              |     6 |    13 |    71 |   107 |   192 ||   389
       Boomerang         |       |       |       |       |    10 ||    10
 Cast: Freeze            |    37 |    65 |    41 |   104 |    50 ||   297
       Ozocubu's Armour  |       |       |    10 |    29 |    74 ||   113
       Summon Ice Beast  |       |       |    10 |    88 |    71 ||   169
       Throw Icicle      |       |       |       |    17 |   101 ||   118
       Sticky Flame      |       |       |       |     3 |     8 ||    11
       Conjure Flame     |       |       |       |       |    42 ||    42
       Ensorcelled Hiber |       |       |       |       |     3 ||     3
       Bolt of Cold      |       |       |       |       |    14 ||    14
 Abil: Breathe Fire      |       |       |    14 |    23 |    35 ||    72
Evoke: Wand              |       |       |     1 |     6 |    28 ||    35
       Phial of floods   |       |       |       |     2 |     1 ||     3
       Lightning rod     |       |       |       |       |     4 ||     4
  Use: Potion            |     1 |     4 |       |     2 |     1 ||     8
       Scroll            |       |     9 |     9 |     8 |     4 ||    30
 Stab: Sleeping          |     2 |     1 |    12 |     1 |     1 ||    17
       Invisible         |       |       |     3 |       |       ||     3
       Distracted        |       |       |       |     4 |     5 ||     9
       Confused          |       |       |       |     1 |       ||     1
       Paralysed         |       |       |       |       |     2 ||     2
  Eat: Chunk             |     2 |     7 |    16 |    30 |    34 ||    89
       Ration            |       |     1 |     2 |     5 |     8 ||    16
Armor: Skin              |    38 |    28 |   105 |   143 |   255 ||   569
Dodge: Dodged            |    72 |    82 |   308 |   370 |   528 ||  1360
Block: Buckler           |       |       |       |       |   132 ||   132
